 Dungeon Crawl Stone Soup version 0.31.0-9-g3a7656b989 (webtiles) character file.

Game seed: 6601150161746975630

44 qw the Shooter (level 3, 0/20 HPs)
             Began as a Deep Elf Hunter on Feb 2, 2024.
             Constricted to death by a ball python (1 damage)
             ... on level 3 of the Dungeon.
             The game lasted 00:00:05 (1657 turns).

qw the Shooter (Deep Elf Hunter)                    Turns: 1657, Time: 00:00:05

Health: 0/20       AC:  3    Str: 10    XL:     3   Next: 41%
Magic:  5/5        EV:  9    Int: 13    God:
Gold:   86         SH:  0    Dex: 18    Spells: 2/2 levels left

rFire   . . .        a - +0 shortbow
rCold   . . .        (shield currently unavailable)
rNeg    . . .        c - +0 leather armour
rPois   .            (no helmet)
rElec   .            (no cloak)
rCorr   .            (no gloves)
SInv    .            (no boots)
Will    .....        (no amulet)
Stlth   ++           (no ring)
HPRegen 0.23/turn    (no ring)
MPRegen 0.09/turn

%: no passive effects
@: about to teleport, constricted
A: no striking features
a: no special abilities


You were on level 3 of the Dungeon.
You visited 1 branch of the dungeon, and saw 3 of its levels.

You collected 86 gold pieces.


   Skills:
 - Level 1.5 Fighting
 + Level 7.0 Ranged Weapons
 - Level 2.4 Dodging
 - Level 1.2 Stealth


You had 2 spell levels left.
You didn't know any spells.
Your spell library was empty.

Inventory:

Hand Weapons
 a - a +0 shortbow (weapon)
Armour
 b - a +0 ring mail
 c - a +0 leather armour (worn)
Scrolls
 f - a scroll of teleportation

Dungeon Overview and Level Annotations

Branches:
Dungeon (3/15)

Altars:


Message History

1648 ||| DRINKING 2 potions of curing.
You feel better.
1648 ||| (to cure confusion)
The ball python misses you. The ball python closely misses you.
An orc comes into view. It is wielding a +0 flail.
The orc wizard hits you but does no damage.
You shoot an arrow. The arrow hits the orc wizard!
The orc wizard is severely wounded.
The ball python bites you but does no damage.
The ball python grabs you. The ball python constricts you.
The orc wizard casts a spell at you.
You are confused.
1650 ||| DRINKING potion of curing.
You feel better.
1650 ||| (to cure confusion)
The ball python bites you but does no damage.
The ball python constricts you.
The orc wizard gestures at you while chanting.
You are confused.
The ball python barely misses you. The ball python constricts you.
The orc wizard hits you with a +0 dagger.
The ball python barely misses you. The ball python constricts you.
The ball python bites you. The ball python constricts you.
The ball python barely misses you. The ball python constricts you.
The ball python closely misses you. The ball python constricts you.
The orc wizard casts a spell.
The orc wizard flickers and vanishes!
Deactivating autopickup; reactivate with Ctrl-A.
You feel less confused. The ball python barely misses you.
The ball python constricts you. The orc barely misses you.
The ball python closely misses you. The ball python constricts you.
You shoot an arrow. The arrow hits the ball python.
The ball python is severely wounded.
You hear a shout!
Something hits you. The orc hits you with a +0 flail!
The ball python barely misses you. The ball python constricts you.
1657 ||| READING 2 scrolls of teleportation.
As you read the scroll of teleportation, it crumbles to dust.
You feel strangely unstable. The ball python bites you.
The ball python constricts you.
You die...

..... ##........#.# #
#...........#.#
########.#.#....#.#
..##.....#.##...#.#
#....# #........#.#
#....# #.....###..#
#.#..###.....# #.##
#.#..##...#### #.###.#
#.##..#...## #@S...#
#.##.......#....o.####
#.##.#####...#####o.
#.##.# #####.. ### #.
#.. #.# ... #. ..# #.
##.# #. .(


You could see 2 orcs and a ball python.

Vanquished Creatures
  An adder (D:3)
  2 dart slugs (D:2)
  A ribbon worm (D:2)
  2 bats (D:1)
  3 endoplasms
  5 hobgoblins
  A kobold (D:2)
  A quokka (D:1)
  4 frilled lizards
  4 goblins
  4 rats
28 creatures vanquished.

Notes
Turn   | Place    | Note
-------+----------+-------------------------------------------
     0 | D:1      | qw the Deep Elf Hunter began the quest for the Orb.
     0 | D:1      | Reached XP level 1. HP: 12/12 MP: 3/3
     0 | D:1      | 0 ||| qw: Version: 0.3-a-155-g5e7d8dd
     0 | D:1      | 0 ||| qw: Game counter: 2009
     0 | D:1      | 0 ||| qw: Melee chars always use a shield: true
     0 | D:1      | 0 ||| qw: God list: Okawaru
     0 | D:1      | 0 ||| qw: Allow faded altars: false
     0 | D:1      | 0 ||| qw: Do Orc after clearing Dungeon:15 true
     0 | D:1      | 0 ||| qw: Do second Lair branch before Depths: true
     0 | D:1      | 0 ||| qw: Lair rune preference: random
     0 | D:1      | 0 ||| qw: Goals: Normal
     0 | D:1      | 0 ||| PLANNING D:1-11
    12 | D:1      | Noticed a centaur
   344 | D:1      | Reached XP level 2. HP: 16/16 MP: 4/4
   447 | D:1      | Reached skill level 6 in Ranged Weapons
   783 | D:1      | 783 ||| READING 3 scrolls labelled ANWICR AVEIN.
   783 | D:1      | 783 ||| IDENTIFYING sedimented ruby potion
   784 | D:1      | 784 ||| READING 2 scrolls of identify.
   784 | D:1      | 784 ||| IDENTIFYING scroll labelled UZEDEAJIDGH
   785 | D:1      | 785 ||| READING scroll of identify.
   785 | D:1      | 785 ||| IDENTIFYING scroll labelled CUIPOY JUESM
   786 | D:1      | 786 ||| DROPPING scroll of butterflies.
   787 | D:1      | 787 ||| DROPPING scroll of immolation.
  1308 | D:2      | 1308 ||| FLEEEEING.
  1309 | D:2      | 1309 ||| FLEEEEING.
  1339 | D:2      | Reached XP level 3. HP: 17/20 MP: 5/5
  1546 | D:2      | 1546 ||| READING scroll of identify.
  1546 | D:2      | 1546 ||| IDENTIFYING lumpy dark potion
  1547 | D:2      | 1547 ||| READING scroll labelled DUINWY JE TYAT.
  1548 | D:2      | 1548 ||| DROPPING potion of attraction.
  1607 | D:3      | Reached skill level 7 in Ranged Weapons
  1648 | D:3      | 1648 ||| DRINKING 2 potions of curing.
  1648 | D:3      | 1648 ||| (to cure confusion)
  1650 | D:3      | 1650 ||| DRINKING potion of curing.
  1650 | D:3      | 1650 ||| (to cure confusion)
  1656 | D:3      | HP: 3/20 [orc/+0 flail (8)]
  1657 | D:3      | 1657 ||| READING 2 scrolls of teleportation.
  1657 | D:3      | HP: 1/20 [ball python (2)]
  1657 | D:3      | Constricted to death by a ball python

Levels and vault maps discovered:
D:1:      evilmike_arrival_come_back, layout_basic
D:2:      layout_loops_cross, serial_glass, glass_columns_b, glass_columns_a,
          chequers_mini_garden, serial_park_tiny_2, uniq_crazy_yiuf_cottage,
          uniq_jessica
D:3:      layout_basic, nicolae_overflow_hidden_temple, serial_co_window_serial,
          co_window_paths_b, co_window_of_opportunity_a, co_window_paths_b,
          co_window_paths_b, co_window_paths_a, co_window_paths_a,
          co_window_corner_cb, co_window_corner_b, co_window_2corner,
          co_window_corner_b, glass_columns_a, glass_columns_c, glass_columns_b,
          glass_columns_a, uniq_ijyb, uniq_terence

Skill      XL: |  1  2  3 |
---------------+----------+-----
Ranged Weapons | 6 7 |  7.0
Fighting       | |  1.5
Dodging        | |  2.4
Stealth        | |  1.2

Action                     || total
---------------------------++-------
   Fire: Shortbow          ||    93
    Use: Scroll            ||     6
         Potion            ||     2
 Armour: Leather armour    ||    21
  Dodge: Dodged            ||    28

Table legend:
 A = Non-vault XP
 B = Vault XP
 C = Vault XP percentage of total XP
 D = Non-vault monster count
 E = Vault monster count
 F = Vault count percentage of total count
                 A         B        C        D         E       F
            +---------+---------+-------+---------+---------+-------
      Total |      64 |       0 |   0.0 |      28 |       0 |   0.0
            +---------+---------+-------+---------+---------+-------
        D:1 |      19 |       0 |   0.0 |      12 |       0 |   0.0
        D:2 |      32 |       0 |   0.0 |      15 |       0 |   0.0
        D:3 |      13 |       0 |   0.0 |       1 |       0 |   0.0
            +---------+---------+-------+---------+---------+-------
